AoeStats
← warwick

Arena

509564188Analyzed
1v1 RM · 5d ago on Sep 27, 2026· 43m 48s· 2 players
Game mode
Random Map
Map size
Tiny (2 player)
Population
200
Speed
Normal
Resources
Standard
Victory
Conquest
Starting age
Dark Age
Ending age
Imperial Age
RankedLock teamsTeams togetherTeam positionsShared explorationLock speedFull tech treeHidden civsTurbo modeCheats
Victory
Defeat
🇦🇺 Celts · Australia
300
+8
🇵🇾 Romans · Paraguay
110
-8
smorneron
0:38 Loom
23:25 Feudal Age
29:18 Double-Bit Axe
29:29 Stone Mining
29:34 Gold Mining
29:32 Horse Collar
32:32 Castle Age
30:18 Town Watch
31:09 Wheelbarrow
31:02 Padded Archer Armor
31:03 Scale Mail Armor
31:09 Scale Barding Armor
31:15 Forging
30:56 Fletching
37:34 Imperial Age
35:07 Town Patrol
35:23 Hand Cart
36:02 Gold Shaft Mining
35:44 Bow Saw
35:57 Leather Archer Armor
35:38 Bodkin Arrow
36:19 Iron Casting
38:20 Heavy Plow
41:38 Crop Rotation
41:58 Masonry
41:59 Fortified Wall
41:45 Murder Holes
41:56 Siege Engineers
42:26 Guard Tower
43:37 Chemistry
42:58 Ballistics
42:58 Chain Mail Armor
warwick
12:05 Feudal Age
12:44 Horse Collar
14:18 Double-Bit Axe
17:53 Wheelbarrow
20:08 Castle Age
19:18 Man-at-Arms
20:14 Forging
23:37 Crossbowman
24:51 Long Swordsman
24:58 Pikeman
26:37 Hand Cart
26:16 Town Watch
27:36 Stone Mining
32:16 Town Patrol
35:28 Imperial Age
33:42 Loom
35:05 Bow Saw
34:49 Gold Mining
35:46 Stronghold
37:02 Conscription
36:11 Capped Ram
40:31 Siege Ram
Connection lost

Rejoining the realm…

Still unreachable

The connection could not be restored.

Session expired

The server has moved on; the page needs a fresh start.